 Dungeon Crawl Stone Soup version 0.30.0-10-gfe55d96785 (webtiles) character file.

Game seed: 10728128490660527636

33537 selver the Grappler (level 13, -1/128 HPs)
             Began as a Troll Berserker on May 15, 2023.
             Was a High Priest of Trog.
             Slain by a salamander
             ... wielding a +2 halberd of distortion
              (12 damage)
             ... on level 3 of the Lair of Beasts.
             The game lasted 00:24:57 (11351 turns).

selver the Grappler (Troll Berserker)              Turns: 11351, Time: 00:24:58

Health: -1/128     AC: 10    Str: 32    XL:     13   Next: 37%
Magic:  0/21       EV: 17    Int:  3    God:    Trog [*****.]
Gold:   743        SH:  0    Dex:  9    Spells: 12/12 levels left

rFire   . .          .
                       - Unarmed
rCold   . . .        (no shield)
rNeg    . . .        N - +0 steam dragon scales
rPois   .            (helmet restricted)
rElec   .            J - +2 cloak
rCorr   .            (gloves unavailable)
SInv    .            (boots unavailable)
Will    .....        i - amulet of guardian spirit
Stlth   +            o - +5 ring of evasion
HPRegen 1.21/turn    r - ring of magical power
MPRegen 0.17/turn

%: guardian spirit
@: on berserk cooldown, slowed, very slow
A: large, unfitting armour, claws 3, regeneration 1, shaggy fur 1, tough skin 1
a: Renounce Religion, Berserk, Trog's Hand, Brothers in Arms


You were on level 3 of the Lair of Beasts.
You worshipped Trog.
Trog was extremely pleased with you.
You visited 2 branches of the dungeon, and saw 13 of its levels.
You also visited: Ossuary.

You collected 743 gold pieces.

Inventory:

Missiles
 s - 52 poisoned darts (quivered)
 A - 4 javelins
 G - a throwing net
Armour
 a - a +1 animal skin
 J - a +2 cloak (worn)
 L - +0 acid dragon scales
 N - +0 steam dragon scales (worn)
Jewellery
 i - an amulet of guardian spirit (around neck)
 o - a +5 ring of evasion (left claw)
 p - a ring of flight
 r - a ring of magical power (right claw)
 B - a ring of willpower
 P - a +6 ring of intelligence
 S - a ring of resist corrosion
 T - a ring of see invisible
Wands
 E - a wand of polymorph (22)
 H - a wand of iceblast (18)
 I - a wand of acid (3)
 M - a wand of digging (6)
 R - a wand of charming (15)
Scrolls
 b - 2 scrolls of immolation {unknown}
 d - 4 scrolls of enchant weapon
 g - 2 scrolls of torment {unknown}
 l - 5 scrolls of teleportation
 m - 4 scrolls of enchant armour
 n - 3 scrolls of noise {unknown}
 q - 2 scrolls of vulnerability {unknown}
 u - 3 scrolls of amnesia {unknown}
 v - 2 scrolls of blinking {unknown}
 x - 3 scrolls of fear {unknown}
 y - 3 scrolls of fog {unknown}
 z - 2 scrolls of brand weapon {unknown}
 F - a scroll of acquirement {unknown}
 K - a scroll of butterflies {unknown}
 O - 3 scrolls of poison {unknown}
 Q - 3 scrolls of identify
Potions
 c - 2 potions of magic
 e - 7 potions of flight
 f - 7 potions of curing
 h - 3 potions of berserk rage
 j - 4 potions of might
 k - 2 potions of brilliance
 t - 6 potions of lignification
 w - a potion of ambrosia
 C - a potion of cancellation
 D - 2 potions of attraction


   Skills:
 + Level 8.3 Fighting
 - Level 11.0 Dodging
 - Level 14.0 Unarmed Combat
 - Level 6.1 Evocations


You had 12 spell levels left.
You didn't know any spells.
Your spell library was empty.

Dungeon Overview and Level Annotations

Branches:
Dungeon (10/15)            Temple (0/1) D:5            Lair (3/5) D:8
  Swamp (0/4) Lair:2        Snake (0/4) Lair:3      Ossuary (visited)
    Orc: D:9-12

Altars:
Ashenzari
Dithmenos
Gozag
Hepliaklqana
Kikubaaqudgha
Makhleb
Nemelex Xobeh
Okawaru
Ru
Sif Muna
Trog
Vehumet
Wu Jian
Xom
Yredelemnul

Shops:
D:10 [


Innate Abilities, Weirdness & Mutations

You are too large for most types of armour.
You have claws for hands.
Your natural rate of healing is unusually fast.
You are covered in fur. (AC +1)
You have tough skin. (AC +1)


Message History

You are engulfed in flames!
You blink.
The lava snake hisses angrily.
You feel your anger nearly subside.
You claw the lava snake!
The lava snake is heavily wounded.
The lava snake closely misses you. The lava snake spits lava at you.
The glob of lava misses you.
You feel a strong urge to attack something.
You are no longer berserk.
You are exhausted.
You feel yourself slow down. The lava snake spits lava at you.
The glob of lava hits you! The lava snake spits lava at you.
The glob of lava misses you. The lava snake closely misses you.
The lava snake attacks as you move away!
The lava snake closely misses you. The salamander misses you.
The lava snake spits lava at you. The glob of lava hits you!!
The salamander hits you with a +2 halberd of distortion.
You are engulfed in flames!
Space warps around you. The lava snake spits lava at you.
The glob of lava misses you.
The salamander hits you with a +2 halberd of distortion.
You are engulfed in flames!
Space warps horribly around you!!
* * * LOW HITPOINT WARNING * * *
Okay, then.
You feel better.
The salamander hits you with a +2 halberd of distortion!
* * * LOW HITPOINT WARNING * * *
You are engulfed in flames!
* * * LOW HITPOINT WARNING * * *
Space warps around you.
* * * LOW HITPOINT WARNING * * *
The salamander hits you with a +2 halberd of distortion!
* * * LOW HITPOINT WARNING * * *
You are engulfed in flames!
You die...

### ##§§S≈≈## #####.##
#§≈...≈≈#
#####...#..###§≈.>.≈≈#
.............#S.§§.§≈#
.............##S§..≈#
...##.'#.#...##S§.≈#
..............##.§.#
#..............##.##
.........#......@..#
#..........#.....N.#
#........#.#.......#
.........#.+.....P.##
#..........P..P#.#.P#
'........#.........##
....................#
...................##
P........P......!..##


You could see a salamander.

Vanquished Creatures
  4 hydras
  2 two-headed ogres
  Urug (Lair:3)
  Nergalle (Lair:2)
  Pikel (D:8)
  Joseph (D:8)
  Maurice (D:8)
  A black mamba (Lair:3)
  Psyche (D:8)
  An unseen horror (D:10)
  7 cane toads
  Maggie (D:8)
  7 komodo dragons
  8 polar bears
  A tyrant leech (Lair:2)
  A hornet (D:10)
  2 shadows
  2 wyverns
  9 yaks
  Edmund (D:4)
  A swamp worm (Lair:2)
  An acid dragon (D:9)
  5 water moccasins
  3 orc warriors
  An ice beast (D:5)
  A sky beast (D:8)
  10 black bears
  6 wolves (Lair:3)
  2 centaurs
  A lemure (D:8)
  2 kobold brigands
  5 bullfrogs
  3 wyvern zombies (Ossuary)
  4 scorpions
  A water moccasin zombie (Ossuary)
  5 wights (D:8)
  8 killer bees
  3 howler monkeys (D:8)
  An electric eel (Lair:1)
  4 centaur zombies (Ossuary)
  2 hounds
  2 jellies (D:5)
  7 bullfrog zombies (Ossuary)
  4 orc priests
  A gnoll bouda (D:7)
  2 iguanas
  Natasha (thrice) (D:3)
  5 orc wizards
  7 hell rats (Lair:3)
  2 killer bee zombies (Ossuary)
  17 mummies
  A howler monkey zombie (Ossuary)
  3 gnolls (D:7)
  9 adders
  A shadow imp (D:8)
  2 white imps
  An ufetubus (D:6)
  A worm (D:2)
  2 dart slugs
  37 orcs
  4 endoplasms
  3 giant cockroaches
  A goblin (D:2)
  6 hobgoblins
  4 jackals (D:4)
  5 quokkas
  13 ball pythons
  5 bats
  4 frilled lizards
  15 kobolds
  A kobold zombie (D:6)
  An orc zombie (D:6)
  6 rats
297 creatures vanquished.

Notes
Turn   | Place    | Note
-------+----------+-------------------------------------------
     0 | D:1      | selver the Troll Berserker began the quest for the Orb.
     0 | D:1      | Reached XP level 1. HP: 22/22 MP: 0/0
   100 | D:1      | Reached XP level 2. HP: 27/29 MP: 1/1
   688 | D:2      | Reached ** piety under Trog
   689 | D:2      | Reached XP level 3. HP: 36/36 MP: 2/2
  1389 | D:3      | Reached XP level 4. HP: 35/44 MP: 3/3
  1410 | D:3      | Reached XP level 5. HP: 43/50 MP: 2/4
  1474 | D:3      | Noticed Natasha
  1492 | D:3      | Killed Natasha
  1493 | D:3      | Reached skill level 5 in Dodging
  1527 | D:3      | Noticed Natasha
  1542 | D:3      | Killed Natasha
  1704 | D:3      | Noticed Natasha
  1711 | D:3      | Killed Natasha
  2068 | D:4      | Reached *** piety under Trog
  2115 | D:4      | Reached XP level 6. HP: 57/59 MP: 5/5
  2296 | D:4      | Found a bloodstained altar of Trog.
  2296 | D:4      | Noticed Edmund
  2302 | D:4      | Killed Edmund
  2563 | D:5      | Entered Level 5 of the Dungeon
  2610 | D:5      | Reached XP level 7. HP: 65/66 MP: 6/6
  2839 | D:5      | Found a staircase to the Ecumenical Temple.
  2974 | D:5      | Found a basalt altar of Yredelemnul.
  2975 | D:5      | Found an iron altar of Okawaru.
  3356 | D:5      | Reached XP level 8. HP: 73/74 MP: 7/7
  3670 | D:6      | Found a sand-covered staircase.
  3676 | Ossuary  | Entered an ossuary
  3703 | Ossuary  | Reached **** piety under Trog
  4137 | Ossuary  | Reached skill level 10 in Dodging
  4161 | Ossuary  | Reached ***** piety under Trog
  4182 | Ossuary  | Reached XP level 9. HP: 63/80 MP: 3/8
  4331 | D:6      | Found an ancient bone altar of Kikubaaqudgha.
  5214 | D:7      | Found a burning altar of Makhleb.
  5214 | D:7      | Found a hazy altar of Hepliaklqana.
  5214 | D:7      | Found a shadowy altar of Dithmenos.
  5215 | D:7      | Found a shimmering altar of Xom.
  5215 | D:7      | Found a sparkling altar of Nemelex Xobeh.
  5216 | D:7      | Found a shimmering blue altar of Sif Muna.
  5217 | D:7      | Found a radiant altar of Vehumet.
  5217 | D:7      | Found a broken altar of Ashenzari.
  5218 | D:7      | Found an opulent altar of Gozag.
  5219 | D:7      | Found a sacrificial altar of Ru.
  5219 | D:7      | Found an ornate altar of the Wu Jian Council.
  5592 | D:8      | Reached skill level 4 in Unarmed Combat
  5648 | D:8      | Noticed Psyche
  5660 | D:8      | Killed Psyche
  5661 | D:8      | Reached skill level 5 in Unarmed Combat
  5661 | D:8      | Noticed Joseph
  5699 | D:8      | Killed Joseph
  5700 | D:8      | Reached skill level 6 in Unarmed Combat
  5856 | D:8      | Noticed Maurice
  5869 | D:8      | Killed Maurice
  5870 | D:8      | Reached skill level 7 in Unarmed Combat
  5946 | D:8      | Noticed a two-headed ogre
  5955 | D:8      | Killed a two-headed ogre
  5956 | D:8      | Reached skill level 8 in Unarmed Combat
  5956 | D:8      | Reached XP level 10. HP: 88/88 MP: 9/9
  6167 | D:8      | Received a gift from Trog
  6188 | D:8      | Noticed Pikel
  6195 | D:8      | Killed Pikel
  6196 | D:8      | Reached skill level 9 in Unarmed Combat
  6317 | D:8      | Found a staircase to the Lair.
  6369 | D:8      | Noticed Maggie
  6380 | D:8      | Killed Maggie
  6965 | D:9      | Reached skill level 10 in Unarmed Combat
  7171 | D:9      | Noticed a two-headed ogre
  7176 | D:9      | Killed a two-headed ogre
  7177 | D:9      | Reached skill level 11 in Unarmed Combat
  7496 | D:10     | Entered Level 10 of the Dungeon
  7583 | D:10     | Reached XP level 11. HP: 91/94 MP: 10/10
  7646 | D:10     | Reached skill level 12 in Unarmed Combat
  7953 | D:10     | Found Usemicij's Armour Shoppe.
  8192 | Lair:1   | Entered Level 1 of the Lair of Beasts
  9150 | Lair:2   | Reached skill level 13 in Unarmed Combat
  9391 | Lair:2   | Noticed a four-headed hydra
  9398 | Lair:2   | Reached skill level 14 in Unarmed Combat
  9530 | Lair:2   | Killed a six-headed hydra
  9771 | Lair:2   | Noticed a five-headed hydra
  9777 | Lair:2   | Killed a five-headed hydra
  9816 | Lair:2   | Reached skill level 5 in Fighting
  9862 | Lair:2   | Noticed Nergalle
  9879 | Lair:2   | Killed Nergalle
  9929 | Lair:2   | You fall into a shaft and drop 1 floor!
  9942 | Lair:3   | Reached XP level 12. HP: 56/113 MP: 10/11
 10063 | Lair:3   | Noticed a seven-headed hydra
 10162 | Lair:3   | Received a gift from Trog
 10308 | Lair:2   | Reached XP level 13. HP: 119/119 MP: 12/12
 10722 | Lair:2   | Found a staircase to the Swamp.
 11179 | Lair:3   | Identified the +5 dagger of the Hurting Vulture {drain,
                  | rN++ Str+5 Int-3}
 11239 | Lair:3   | Noticed Urug
 11253 | Lair:3   | Killed Urug
 11330 | Lair:3   | Found a staircase to the Snake Pit.
 11351 | Lair:3   | Slain by a salamander

Illustrated notes

Levels and vault maps discovered:
D:1:      lemuel_arrival_behind_the_door_large, layout_loops_ring
D:2:      layout_loops_ring
D:3:      layout_rooms, uniq_natasha
D:4:      layout_rooms, mainiacjoe_overflow_boulevard, minmay_misc_feat_alley,
          uniq_edmund
D:5:      layout_loops_ring, gammafunk_temple_overflow_pools,
          lemuel_temple_firewalk_a, amethyst_killhole
D:6:      layout_rooms, nicolae_kikubaaqudgha_miasma_corner,
          nicolae_ossuary_entry_giza
D:7:      layout_basic, nicolae_overflows_in_rows
D:8:      layout_basic, david_lair_shrubbed, uniq_pikel, uniq_maggie,
          uniq_joseph, uniq_maurice, uniq_psyche
D:9:      layout_long_grid, billiards_dpeg
D:10:     layout_gridville, serial_shops, shop
Lair:1:   layout_cave_pods, infiniplex_staircase_pool
Lair:2:   beast_lair_carwin_large_4, layout_chaotic_city,
          palyth_hydra_swamp_entry, hangedman_lair_unloving_vines, uniq_nergalle
Lair:3:   layout_chaotic_city, nicolae_snake_entry_warm_welcome, uniq_urug

Skill      XL: |  1  2  3  4  5  6  7  8  9 10 11 12 13 |
---------------+----------------------------------------+-----
Dodging        | 3 4 5 6 8 10 11 | 11.0
Unarmed Combat | 8 11 14 | 14.0
Fighting       | 5 7 8 |  8.3
Evocations     | 6 |  6.1

Action                     |  1- 3 |  4- 6 |  7- 9 | 10-12 | 13-15 || total
---------------------------+-------+-------+-------+-------+-------++-------
  Melee: Unarmed           |   109 |   152 |   417 |   402 |    48 ||  1128
         Punch             |     1 |     2 |     8 |    26 |     3 ||    40
 Invoke: Berserk           |       |     1 |     5 |     5 |     2 ||    13
  Evoke: Wand              |       |       |       |    12 |    10 ||    22
    Use: Scroll            |       |       |     6 |    11 |     1 ||    18
         Potion            |       |       |     4 |     5 |     1 ||    10
   Stab: Sleeping          |       |       |     1 |       |       ||     1
 Armour: Animal skin       |    41 |    23 |    42 |     8 |       ||   114
         Steam dragon scal |       |       |       |   132 |     9 ||   141
  Dodge: Dodged            |    73 |   103 |   301 |   402 |    28 ||   907
